 Dungeon Crawl Stone Soup version 0.29-a0-839-g4793fd635e (webtiles) character file.

Game seed: 1807781308492347543

39 Malachi the Shooter (level 3, -2/28 HPs)
             Began as a Barachi Hunter on July 14, 2022.
             Slain by Natasha (3 damage)
             ... on level 2 of the Dungeon.
             The game lasted 00:01:39 (1406 turns).

Malachi the Shooter (Barachi Hunter)                Turns: 1406, Time: 00:01:40

Health: -2/28      AC:  0    Str: 12    XL:     3   Next: 47%
Magic:  3/3        EV: 12    Int:  9    God:
Gold:   79         SH:  0    Dex: 17    Spells: 2/2 levels left

rFire   . . .      SeeInvis .   a - +0 shortbow
rCold   . . .      Faith    .   (shield currently unavailable)
rNeg    . . .      Spirit   .   (no body armour)
rPois   +          Reflect  .   (no helmet)
rElec   .          Harm     .   (no cloak)
rCorr   .          Rampage  .   (no gloves)
Will    .....                   (no boots)
Stlth   ++........              (no amulet)
HPRegen 0.09/turn               e - ring of poison resistance
MPRegen 0.08/turn               (no ring)

@: slow
A: amphibious, slowness 1, strong legs 1, +LOS
a: Hop


You were on level 2 of the Dungeon.
You visited 1 branch of the dungeon, and saw 2 of its levels.

You collected 79 gold pieces.

Inventory:

Hand Weapons
 a - a +0 shortbow (weapon)
Armour
 c - a +0 leather armour
Jewellery
 e - a ring of poison resistance (left hand)
Scrolls
 b - a scroll of immolation
 d - a scroll of magic mapping {unknown}
Potions
 f - a potion of heal wounds {unknown}
 g - a potion of curing {unknown}
 h - a potion of lignification {unknown}


   Skills:
 - Level 2.4 Fighting
 * Level 5.2 Ranged Weapons
 - Level 2.1 Dodging
 - Level 0.8 Stealth


You had 2 spell levels left.
You didn't know any spells.
Your spell library was empty.

Dungeon Overview and Level Annotations

Branches:
Dungeon (2/15)

Altars:
Dithmenos

Annotations:
D:2 Natasha


Innate Abilities, Weirdness & Mutations

You are amphibious.
You cover ground slowly.
You can hop short distances.
You have an extended range of vision and can be seen from far away.


Message History

You are too injured to fight recklessly!
You are too injured to fight recklessly!
Fire: a) +0 shortbow
Press: ? - help, Q - select action, (/) - cycle Shift-Dir - straight line, f/p - Natasha
Aim: Natasha (moderately wounded, 56% to hit)
You shoot an arrow.
The arrow hits Natasha but does no damage.
Natasha is moderately wounded.
The crimson imp blinks!
Natasha claws you.
* * * LOW HITPOINT WARNING * * *
Fire: a) +0 shortbow
Press: ? - help, Q - select action, (/) - cycle Shift-Dir - straight line, f/p - Natasha
Aim: Natasha (moderately wounded, 56% to hit)
You shoot an arrow.
The arrow hits Natasha but does no damage.
Natasha is moderately wounded.
Natasha closely misses you.
Fire: a) +0 shortbow
Press: ? - help, Q - select action, (/) - cycle Shift-Dir - straight line, f/p - Natasha
Aim: Natasha (lightly wounded, 56% to hit)
You shoot an arrow.
The arrow hits Natasha but does no damage.
Natasha is lightly wounded.
Natasha casts a spell.
Fire: a) +0 shortbow
Press: ? - help, Q - select action, (/) - cycle Shift-Dir - straight line, f/p - Natasha
Aim: Natasha (lightly wounded, 56% to hit)
You shoot an arrow. The arrow hits Natasha.
Natasha is moderately wounded.
Natasha claws you.
* * * LOW HITPOINT WARNING * * *
The crimson imp hits you.
* * * LOW HITPOINT WARNING * * *
Fire: a) +0 shortbow
Press: ? - help, Q - select action, (/) - cycle Shift-Dir - straight line, f/p - Natasha
Aim: Natasha (moderately wounded, 56% to hit)
You shoot an arrow. The arrow hits Natasha.
Natasha is heavily wounded.
Natasha closely misses you.
The crimson imp blinks!
Natasha claws you.
You die...

# ## ##... ..#. #####
## 5..# #...#########
.. ... #...........# #.
.. #...#######.#
#.#.###.## #.#
#####..h###.########.#
.......ยง@..........#.#
######.5####.#####.#.#
#..# #.# #.#.#
##..####.# #.#.#
........#####.#.####
##............>.....#
#.............#.##.#
#.#############.##.#
#.# #.##.#


You could see an iron imp (summoned), Natasha and a crimson imp (summoned).

Vanquished Creatures
  2 dart slugs (D:1)
  A bat (D:1)
  2 endoplasms
  2 giant cockroaches
  5 hobgoblins
  5 kobolds
  A quokka (D:2)
  4 ball pythons (D:1)
  2 frilled lizards
  4 goblins (D:1)
  4 rats (D:1)
32 creatures vanquished.

Notes
Turn   | Place    | Note
-------+----------+-------------------------------------------
     0 | D:1      | Malachi the Barachi Hunter began the quest for the Orb.
     0 | D:1      | Reached XP level 1. HP: 17/17 MP: 1/1
   297 | D:1      | Reached XP level 2. HP: 23/23 MP: 2/2
   485 | D:1      | Found a faded altar of an unknown god.
   614 | D:1      | Reached XP level 3. HP: 28/28 MP: 3/3
   624 | D:1      | Reached skill level 5 in Ranged Weapons
  1054 | D:2      | Found a shadowy altar of Dithmenos.
  1396 | D:2      | Noticed Natasha
  1405 | D:2      | HP: 1/28 [crimson imp[Natasha] (1)]
  1406 | D:2      | Slain by Natasha

Illustrated notes

Levels and vault maps discovered:
D:1:      minmay_arrival_open_corners, layout_loops_ring,
          chequers_ecumenical_altar_island, minmay_misc_feat_iff
D:2:      layout_loops_ring, basic_altar, kennysheep_pointless_box, uniq_natasha

Skill      XL: |  1  2  3 |
---------------+----------+-----
Ranged Weapons | 5 |  5.2
Fighting       | |  2.4
Dodging        | |  2.1
Stealth        | |  0.8

Action                   || total
-------------------------++-------
 Fire: Shortbow          ||   104
 Abil: Hop               ||     1
Dodge: Dodged            ||    26

Table legend: (Time is in decaauts)
 A = Elapsed time spent in this place.
 B = Non-inter-level travel time spent in this place.
 C = Inter-level travel time spent in this place.
 D = Time resting spent in this place.
 E = Time spent auto-exploring this place.
 F = Levels seen in this place.
 G = Mean time per level.
                   A        B        C        D        E       F      G
               +--------+--------+--------+--------+--------+-----+--------+
         Total |   1572 |   1558 |     14 |    261 |   1087 |   2 |  786.0 |
       Dungeon |   1572 |   1558 |     14 |    261 |   1087 |   2 |  786.0 |
               +--------+--------+--------+--------+--------+-----+--------+

Top non-repeatable levels by time:
     D:1: 1132 daAuts
     D:2: 440 daAuts
